 Dungeon Crawl Stone Soup version 0.29-a0-857-g9b1aa3ac5b (webtiles) character file.

Game seed: 8626610205029786254

54 nxtlvl the Cutter (level 3, 0/22 HPs)
             Began as a Deep Elf Monk on July 17, 2022.
             Slain by a goblin
             ... wielding a +0 dagger
              (3 damage)
             ... on level 3 of the Dungeon.
             The game lasted 00:04:14 (803 turns).

nxtlvl the Cutter (Deep Elf Monk)                    Turns: 803, Time: 00:04:15

Health: 0/22       AC:  3    Str:  8    XL:     3   Next: 66%
Magic:  5/5        EV: 13    Int: 16    God:
Gold:   60         SH:  0    Dex: 17    Spells: 2/2 levels left

rFire   . . .      SeeInvis .   a - +0 short sword
rCold   . . .      Faith    .   (no shield)
rNeg    . . .      Spirit   .   b - +0 robe
rPois   .          Reflect  .   (no helmet)
rElec   .          Harm     .   (no cloak)
rCorr   .          Rampage  .   j - +0 pair of gloves
Will    .....                   (no boots)
Stlth   ++........              (no amulet)
HPRegen 0.07/turn               p - ring of flight
MPRegen 0.09/turn               (no ring)

@: flying
A: no striking features
a: no special abilities


You were on level 3 of the Dungeon.
You visited 1 branch of the dungeon, and saw 3 of its levels.

You collected 60 gold pieces.

Inventory:

Hand Weapons
 a - a +0 short sword (weapon)
 m - the +2 great sword of Fundamental Breach {freeze, rC- Str+6 SInv Stlth+}
   (You found it on level 2 of the Dungeon)

   It freezes those it strikes, dealing additional cold damage.
   It can also slow down cold-blooded creatures.
   Str:       It affects your strength (+6).
   rC:        It makes you vulnerable to cold.
   SInv:      It lets you see invisible.
   Stlth:     It makes you more stealthy.
Missiles
 e - 37 stones (quivered)
Armour
 b - a +0 robe (worn)
 j - a +0 pair of gloves (worn)
Jewellery
 p - a ring of flight (left hand)
Scrolls
 c - a scroll of teleportation {unknown}
 d - a scroll of enchant armour {unknown}
 f - 3 scrolls of noise {unknown}
 g - a scroll of identify {unknown}
 n - a scroll of immolation {unknown}
Potions
 h - a potion of mutation {unknown}
 i - 4 potions of flight
 k - a potion of curing {unknown}
 l - a potion of invisibility {unknown}
 o - a potion of might
 q - a potion of ambrosia
 r - 2 potions of berserk rage {unknown}
 s - a potion of attraction {unknown}
 t - a potion of degeneration {unknown}


   Skills:
 - Level 2.4 Fighting
 * Level 4.7 Short Blades
 - Level 3.6 Dodging
 - Level 2.4 Stealth


You had 2 spell levels left.
You didn't know any spells.
Your spell library contained the following spells:

 Spells                   Type           Power      Damage    Failure   Level
 Ensorcelled Hibernation  Hex/Ice        0%         N/A       36%         2
 Passwall                 Tmut/Erth      0%         N/A       36%         2
 Swiftness                Air            0%         N/A       58%         3


Dungeon Overview and Level Annotations

Branches:
Dungeon (3/15)

Altars:
Qazlal

Shops:
D:3 *


Message History

An endoplasm comes into view.
An endoplasm comes into view.
Found Hace's Assorted Antiques.
The endoplasm quivers.
You hit the endoplasm.
The endoplasm is lightly wounded.
The endoplasm barely misses you.
You barely miss the endoplasm.
The endoplasm is lightly wounded.
The endoplasm freezes you.
You are frozen.
You hit the endoplasm.
The endoplasm is almost dead.
The endoplasm freezes you.
You are frozen.
You hit the endoplasm.
You kill the endoplasm!
The endoplasm hits you. The goblin hits you but does no damage.
The goblin attacks as you move away! The goblin hits you with a +0 dagger.
You hit the endoplasm.
The endoplasm is severely wounded.
The endoplasm jiggles.
The endoplasm closely misses you.
You barely miss the endoplasm.
The endoplasm is severely wounded.
The endoplasm misses you.
You completely miss the endoplasm.
The endoplasm is severely wounded.
The endoplasm freezes you.
You are frozen.
* * * LOW HITPOINT WARNING * * *
You hit the endoplasm.
The endoplasm is severely wounded.
The endoplasm freezes you.
You are frozen.
* * * LOW HITPOINT WARNING * * *
You hit the endoplasm.
You kill the endoplasm!
You barely miss the goblin. The goblin hits you with a +0 dagger.
You die...

....####.##†#.#.###...####.##.#
....####.##.##.## ##.<# #.##.#
.........###.### #..# #.##.#
......#####.#.### ##.## #.##.#
###....# #.##..# #..# #.##.#
....##.####..##.# ##.###.##.#
<.#..#....###.### #..##.##.#
.....#.....##.#########.##.##.#
._.<.#.........g@.......##.##.#
.....#.........#######..##.##.#
<.#..#.........# #........#
....##.#...##### #...#...##
###÷...#...# #.#.#.#.#
......##...# #.#.#.#.#
......##...# #.#...#.####
......##...# ######.#.........
......##...# #^.........#.####


You could see a goblin.

Vanquished Creatures
  3 adders (D:3)
  5 endoplasms
  A giant cockroach (D:2)
  2 goblins (D:1)
  3 hobgoblins
  3 quokkas
  2 ball pythons
  3 kobolds
  4 rats
26 creatures vanquished.

Vanquished Creatures (others)
  A plant (D:3)
1 creature vanquished.

Grand Total: 27 creatures vanquished

Notes
Turn   | Place    | Note
-------+----------+-------------------------------------------
     0 | D:1      | nxtlvl the Deep Elf Monk began the quest for the Orb.
     0 | D:1      | Reached XP level 1. HP: 13/13 MP: 3/3
   157 | D:2      | Reached XP level 2. HP: 12/18 MP: 4/4
   317 | D:2      | Identified the +2 great sword of Fundamental Breach
                  | {freeze, rC- Str+6 SInv Stlth+}
   330 | D:3      | Found a faded altar of an unknown god.
   341 | D:3      | Reached skill level 4 in Short Blades
   381 | D:3      | Reached XP level 3. HP: 20/22 MP: 5/5
   447 | D:3      | Found a stormy altar of Qazlal.
   771 | D:3      | Found Hace's Assorted Antiques.
   803 | D:3      | Slain by a goblin

Illustrated notes

Levels and vault maps discovered:
D:1:      lightli_arrival_chessboard, layout_rooms
D:2:      layout_basic, amcnicky_mini_pool_small, minmay_misc_feat_hallway,
          kennysheep_flooded_box
D:3:      layout_basic, marbit_many_paths, serial_shops,
          nicolae_shop_overgrown_old_shop, nicolae_ecumenical_pavilion,
          uniq_robin

Skill      XL: |  1  2 |
---------------+-------+-----
Short Blades   | 4 |  4.7
Fighting       | |  2.4
Dodging        | |  3.6
Stealth        | |  2.4

Action                   || total
-------------------------++-------
Melee: Short sword       ||    99
  Use: Potion            ||     5
 Stab: Sleeping          ||     5
Armor: Robe              ||    15
Dodge: Dodged            ||    52

Table legend: (Time is in decaauts)
 A = Elapsed time spent in this place.
 B = Non-inter-level travel time spent in this place.
 C = Inter-level travel time spent in this place.
 D = Time resting spent in this place.
 E = Time spent auto-exploring this place.
 F = Levels seen in this place.
 G = Mean time per level.
                   A        B        C        D        E       F      G
               +--------+--------+--------+--------+--------+-----+--------+
         Total |    772 |    717 |     55 |      0 |    117 |   3 |  257.3 |
       Dungeon |    772 |    717 |     55 |      0 |    117 |   3 |  257.3 |
               +--------+--------+--------+--------+--------+-----+--------+

Top non-repeatable levels by time:
     D:3: 443 daAuts
     D:2: 184 daAuts
     D:1: 144 daAuts
